 Dungeon Crawl Stone Soup version 0.22.1-2-g9c5b331 (webtiles) character file.

84 Yndrin the Slasher (level 4, -1/40 HPs)
             Began as a Draconian Berserker on Nov 14, 2018.
             Was a Believer of Trog.
             Slain by a gnoll
             ... wielding a +0 spear
              (3 damage)
             ... on level 1 of the Dungeon.
             The game lasted 00:15:22 (2526 turns).

Yndrin the Slasher (Draconian Berserker)            Turns: 2526, Time: 00:15:23

Health: -1/40      AC:  6    Str: 20    XL:     4   Next: 24%
Magic:  4/4        EV: 13    Int:  7    God:    Trog [**....]
Gold:   127        SH:  0    Dex: 11    Spells: 3/3 levels left

rFire    . . .     SeeInvis .   a - +0 falchion
rCold    . . .     Gourm    .   (no shield)
rNeg     . . .     Faith    .   (armour unavailable)
rPois    .         Spirit   .   (helmet restricted)
rElec    .         Reflect  .   (no cloak)
rCorr    .         Harm     .   (no gloves)
MR       .....                  A - +0 pair of boots
Stlth    +.........             (no amulet)
HPRegen  0.13/turn              (no ring)
MPRegen  0.09/turn              (no ring)

@: no status effects
A: unfitting armour, cold-blooded, AC +5
a: Berserk, Trog's Hand, Renounce Religion


You were on level 1 of the Dungeon.
You worshipped Trog.
Trog was pleased with you.
You were not hungry.

You visited 1 branch of the dungeon, and saw 2 of its levels.

You collected 127 gold pieces.

Inventory:

Hand Weapons
 a - a +0 falchion (weapon)
 c - a +0 hand axe
 l - a cursed -1 whip
 m - a +0 club
 n - a +0 club
 q - a +0 dagger
 r - a +0 short sword
 t - a +2 dagger of flaming
 x - a +0 club
 z - a +0 hunting sling
Missiles
 i - 32 arrows
 k - 116 stones (quivered)
 o - 32 bolts
 s - 9 sling bullets
Armour
 d - a +0 robe
 g - a +0 scale mail
 v - a +0 robe
 w - a +0 chain mail
 A - a +0 pair of boots (worn)
Scrolls
 y - a scroll of amnesia
Potions
 e - 2 potions of heal wounds {unknown}
 f - 3 potions of curing {unknown}
 h - a potion of cancellation {unknown}
 j - a potion of haste {unknown}
 p - a potion of might {unknown}
Comestibles
 b - 3 rations


   Skills:
 + Level 3.9 Fighting
 + Level 0.1(2.4) Short Blades
 + Level 4.1 Long Blades
 + Level 3.2 Dodging
 + Level 0.7 Stealth


You had 3 spell levels left.
You didn't know any spells.
Your spell library was empty.

Dungeon Overview and Level Annotations

Branches:
Dungeon (2/15)

Altars:
Gozag
Zin


Innate Abilities, Weirdness & Mutations

Your plain brown scales are hard. (AC +5)
You cannot fit into any form of body armour.
You are cold-blooded and may be slowed by cold attacks.


Message History

You can't go up here!
The gnoll hits you with a spear. The gnoll hits you but does no damage.
The gnoll misses you.
You climb downwards.
There is a stone staircase leading up here.
The gnoll barely misses you. The gnoll hits you with a spear.
* * * LOW HITPOINT WARNING * * *
You climb upwards.
There is a stone staircase leading down here.
The gnoll barely misses you. The gnoll hits you with a spear.
* * * LOW HITPOINT WARNING * * *
The gnoll misses you. The gnoll completely misses you.
The gnoll hits you from afar with a halberd.
* * * LOW HITPOINT WARNING * * *
The gnoll hits you from afar with a spear.
* * * LOW HITPOINT WARNING * * *
The gnoll closely misses you. The gnoll hits you but does no damage.
The gnoll hits you from afar with a spear.
You die...

### ##.## #####...##
##.##.....## ##.......>..##
##...gg.......#
##..@.g.......##
#............##
#...........###
#.#.....#...>.#
#######.##...##..##.#######
#.......###.###..##.##.....
#.####### ### #..##........
#.# #..#####.#### #.#
#...####.####


You could see 3 gnolls.

Vanquished Creatures
  2 adders (D:2)
  An ooze (D:2)
  A worm (D:2)
  A leopard gecko (D:1)
  2 ball pythons
  4 giant cockroaches (D:1)
  9 goblins
  2 hobgoblins (D:2)
  3 jackals (D:1)
  10 kobolds
  3 quokkas (D:2)
  5 bats
  5 frilled lizards
  7 rats
  A plant (D:1)
56 creatures vanquished.

Notes
Turn   | Place    | Note
-------+----------+-------------------------------------------
     0 | D:1      | Yndrin the Draconian Berserker began the quest for the Orb.
     0 | D:1      | Reached XP level 1. HP: 19/19 MP: 1/1
   435 | D:1      | Reached XP level 2. HP: 26/26 MP: 2/2
   969 | D:1      | Reached XP level 3. HP: 28/33 MP: 3/3
   993 | D:1      | Reached ** piety under Trog
  1932 | D:2      | Reached skill level 4 in Long Blades
  2019 | D:2      | Reached XP level 4. HP: 40/40 MP: 4/4
  2037 | D:2      | Found a glowing silver altar of Zin.
  2041 | D:2      | Noticed an angel
  2164 | D:2      | Found an opulent altar of Gozag.
  2519 | D:1      | HP: 2/40 [gnoll/halberd (4)]
  2526 | D:1      | Slain by a gnoll

Skill      XL: |  1  2  3 |
---------------+----------+-----
Dodging        | 3 |  3.2
Long Blades    | 4 |  4.1
Fighting       | |  3.9
Short Blades   | |  0.1
Stealth        | |  0.7

Action                   |  1- 3 |  4- 6 || total
-------------------------+-------+-------++-------
Melee: Falchion          |   130 |    24 ||   154
       Tailslap          |    25 |     4 ||    29
       Dagger            |    13 |       ||    13
  Use: Scroll            |     4 |       ||     4
  Eat: Chunk             |     4 |     1 ||     5
Armor: Skin              |    37 |     8 ||    45
Dodge: Dodged            |   110 |    40 ||   150
       Rpst.: Falchion   |    23 |     7 ||    30
